TOP OF THE 1ST |
Springfield Simpsons batting - Pitching for Kingston Iguanas : RHP Leonardo Lorenzo
|
Pitching: RHP Leonardo Lorenzo
|
|
Batting: SHB Edgardo Osorio
|
0-0: Ball 1-0: Fly out, F6 (Line Drive, 56)
|
Batting: RHB Manny Ramírez
|
0-0: Called Strike 0-1: Ball 1-1: Called Strike 1-2: Strikes out looking
|
Batting: RHB Ángel Garza
|
0-0: DOUBLE (Line Drive, 7LM)
|
Batting: RHB Brant Sherman
|
0-0: Ball 1-0: Called Strike 1-1: Ground out 1-3 (Groundball, 15)
|
Top of the 1st over - 0 run(s), 1 hit(s), 0 error(s), 1 left on base; Springfield 0 - Kingston 0 |
BOTTOM OF THE 1ST |
Kingston Iguanas batting - Pitching for Springfield Simpsons : RHP Erwin Entwistle
|
Pitching: RHP Erwin Entwistle
|
|
Batting: RHB Jeff Garman
|
0-0: Called Strike 0-1: Called Strike 0-2: Strikes out swinging
|
Batting: LHB Bob Greene
|
0-0: Called Strike 0-1: Called Strike 0-2: Ball 1-2: Ball 2-2: Foul Ball, location: 2F 2-2: Foul Ball, location: 2F 2-2: Strikes out swinging
|
Batting: RHB William Duncan
|
0-0: Called Strike 0-1: Fly out, F9 (Flyball, 9M)
|
Bottom of the 1st over - 0 run(s), 0 hit(s), 0 error(s), 0 left on base; Springfield 0 - Kingston 0 |
TOP OF THE 2ND |
Springfield Simpsons batting - Pitching for Kingston Iguanas : RHP Leonardo Lorenzo
|
Batting: RHB Esteban Salas
|
0-0: SINGLE (Groundball, 56D)
|
Batting: SHB Bob Noble
|
0-0: Foul Ball, location: 2F 0-1: Fly out, F6 (Popup, 6M)
|
Batting: SHB Jorge García
|
0-0: Foul Ball, location: 2F 0-1: Foul Ball, location: 2F 0-2: Ball Error on foul ball, E5 1-2: Ball 2-2: SINGLE (Groundball, 4MD) (infield hit) Esteban Salas to second
|
Batting: SHB José Cruz
|
0-0: Ball 1-0: Swinging Strike 1-1: Ball 2-1: Ball 3-1: Fly out, F8 (Flyball, 8RM)
|
Batting: RHB Kawanari Hara
|
0-0: Ball 1-0: Called Strike 1-1: Ball 2-1: Foul Ball, location: 2F 2-2: Foul Ball, location: 2F 2-2: Strikes out swinging
|
Top of the 2nd over - 0 run(s), 2 hit(s), 1 error(s), 2 left on base; Springfield 0 - Kingston 0 |
BOTTOM OF THE 2ND |
Kingston Iguanas batting - Pitching for Springfield Simpsons : RHP Erwin Entwistle
|
Batting: SHB Pepe Piña
|
0-0: Called Strike 0-1: Foul Ball, location: 2F 0-2: Ball 1-2: Ball 2-2: Foul Ball, location: 2F 2-2: Foul Ball, location: 2F 2-2: Hit by Pitch
|
Batting: RHB Diego Francisco
|
0-0: Ball 1-0: Ball 2-0: Ball 3-0: Base on Balls Pepe Piña to second
|
Batting: LHB José Torres
|
0-0: Called Strike 0-1: Swinging Strike 0-2: Ball 1-2: Ball 2-2: Ball 3-2: Strikes out swinging
|
Batting: LHB Zhi-huan Loong
|
0-0: Ball 1-0: Ball 2-0: Ball 3-0: Called Strike 3-1: Base on Balls Pepe Piña to third Diego Francisco to second
|
Batting: RHB Geoffrey Joyner
|
0-0: Foul Ball, location: 2F 0-1: Grounds into double play, 4-6-3 (Groundball, 4)
|
Bottom of the 2nd over - 0 run(s), 0 hit(s), 0 error(s), 2 left on base; Springfield 0 - Kingston 0 |
TOP OF THE 3RD |
Springfield Simpsons batting - Pitching for Kingston Iguanas : RHP Leonardo Lorenzo
|
Batting: SHB Edgardo Osorio
|
0-0: Foul Ball, location: 2F 0-1: Ball 1-1: Called Strike 1-2: DOUBLE (Line Drive, 9LS)
|
Batting: RHB Manny Ramírez
|
0-0: Ball 1-0: Called Strike 1-1: Ball 2-1: Ball 3-1: Base on Balls
|
Batting: RHB Ángel Garza
|
0-0: Ball Edgardo Osorio steals 3rd base Manny Ramírez to second 1-0: Swinging Strike 1-1: Fly out, F8 (Flyball, 8LS) Runner from 3rd tags up, SCORES, throw made
|
Batting: RHB Brant Sherman
|
0-0: Ball 1-0: Ball 2-0: Ball 3-0: Base on Balls
|
Batting: RHB Esteban Salas
|
0-0: Ball 1-0: Called Strike 1-1: Called Strike 1-2: Strikes out swinging
|
Batting: SHB Bob Noble
|
0-0: Fly out, F9 (Line Drive, 9LM)
|
Top of the 3rd over - 1 run(s), 1 hit(s), 0 error(s), 2 left on base; Springfield 1 - Kingston 0 |
BOTTOM OF THE 3RD |
Kingston Iguanas batting - Pitching for Springfield Simpsons : RHP Erwin Entwistle
|
Batting: RHB Salvador Vega
|
0-0: Bunt for hit - play at first, batter OUT! 1-3
|
Batting: RHB Jeff Garman
|
0-0: Ball 1-0: Ball 2-0: Ball 3-0: Base on Balls
|
Batting: LHB Bob Greene
|
0-0: Ball 1-0: Called Strike 1-1: Ball 2-1: Foul Ball, location: 2F 2-2: Ball 3-2: SINGLE (Line Drive, 9LS) Jeff Garman to second Jeff Garman to third
|
Batting: RHB William Duncan
|
0-0: Foul Ball, location: 2F 0-1: Ball 1-1: Ball 2-1: Foul Ball, location: 2F 2-2: Fly out, F8 (Flyball, 8LM) Runner from 3rd tags up, SCORES, no throw
|
Batting: SHB Pepe Piña
|
0-0: Ball 1-0: Called Strike 1-1: Ball 2-1: Foul Ball, location: 2F 2-2: Ground out 4-3 (Groundball, 4)
|
Bottom of the 3rd over - 1 run(s), 1 hit(s), 0 error(s), 1 left on base; Springfield 1 - Kingston 1 |
TOP OF THE 4TH |
Springfield Simpsons batting - Pitching for Kingston Iguanas : RHP Leonardo Lorenzo
|
Batting: SHB Jorge García
|
0-0: Called Strike 0-1: Swinging Strike 0-2: Strikes out swinging
|
Batting: SHB José Cruz
|
0-0: Ground out 6-3 (Groundball, 6)
|
Batting: RHB Kawanari Hara
|
0-0: Ball 1-0: Foul Ball, location: 2F 1-1: Called Strike 1-2: Fly out, F7 (Flyball, 78M)
|
Top of the 4th over - 0 run(s), 0 hit(s), 0 error(s), 0 left on base; Springfield 1 - Kingston 1 |
BOTTOM OF THE 4TH |
Kingston Iguanas batting - Pitching for Springfield Simpsons : RHP Erwin Entwistle
|
Batting: RHB Diego Francisco
|
0-0: Called Strike 0-1: Swinging Strike 0-2: Ball 1-2: Foul Ball, location: 2F 1-2: Strikes out swinging
|
Batting: LHB José Torres
|
0-0: Called Strike 0-1: SOLO HOME RUN (Flyball, 89XD), Distance : 394 ft
|
Batting: LHB Zhi-huan Loong
|
0-0: Called Strike 0-1: Ball 1-1: Fly out, F8 (Flyball, 8RM)
|
Batting: RHB Geoffrey Joyner
|
0-0: Foul Ball, location: 2F 0-1: Ball 1-1: Ball 2-1: Ball 3-1: Foul Ball, location: 2F 3-2: Foul Ball, location: 2F 3-2: Strikes out swinging
|
Bottom of the 4th over - 1 run(s), 1 hit(s), 0 error(s), 0 left on base; Springfield 1 - Kingston 2 |
TOP OF THE 5TH |
Springfield Simpsons batting - Pitching for Kingston Iguanas : RHP Leonardo Lorenzo
|
Batting: SHB Edgardo Osorio
|
0-0: Ball 1-0: Ball 2-0: Called Strike 2-1: Ball 3-1: Foul Ball, location: 2F 3-2: Base on Balls
|
Batting: RHB Manny Ramírez
|
0-0: Ball 1-0: Called Strike 1-1: Ball 2-1: Grounds into double play, 6-4-3 (Groundball, 6)
|
Batting: RHB Ángel Garza
|
0-0: Ball 1-0: Foul Ball, location: 2F 1-1: Foul Ball, location: 2F 1-2: Ball 2-2: Foul Ball, location: 2F 2-2: Ball 3-2: Strikes out swinging
|
Top of the 5th over - 0 run(s), 0 hit(s), 0 error(s), 0 left on base; Springfield 1 - Kingston 2 |
BOTTOM OF THE 5TH |
Kingston Iguanas batting - Pitching for Springfield Simpsons : RHP Erwin Entwistle
|
Batting: RHB Salvador Vega
|
0-0: Called Strike 0-1: Ball 1-1: Foul Ball, location: 2F 1-2: Ball 2-2: Ball 3-2: Fly out, F8 (Flyball, 8RS)
|
Batting: RHB Jeff Garman
|
0-0: Ball 1-0: Ball 2-0: Ball 3-0: Base on Balls
|
Batting: LHB Bob Greene
|
0-0: Ball 1-0: Swinging Strike 1-1: Foul Ball, location: 2F 1-2: Foul Ball, location: 2F 1-2: Foul Ball, location: 2F 1-2: Ball 2-2: Foul Ball, location: 2F 2-2: Strikes out swinging
|
Batting: RHB William Duncan
|
0-0: Fielders Choice at 2nd, U6 (Groundball, 6M)
|
Bottom of the 5th over - 0 run(s), 0 hit(s), 0 error(s), 1 left on base; Springfield 1 - Kingston 2 |
TOP OF THE 6TH |
Springfield Simpsons batting - Pitching for Kingston Iguanas : RHP Leonardo Lorenzo
|
Batting: RHB Brant Sherman
|
0-0: Fly out, F8 (Flyball, 8LXD)
|
Batting: RHB Esteban Salas
|
0-0: Fly out, F8 (Flyball, 8LS)
|
Batting: SHB Bob Noble
|
0-0: Ball 1-0: Fly out, F7 (Flyball, 78M)
|
Top of the 6th over - 0 run(s), 0 hit(s), 0 error(s), 0 left on base; Springfield 1 - Kingston 2 |
BOTTOM OF THE 6TH |
Kingston Iguanas batting - Pitching for Springfield Simpsons : RHP Erwin Entwistle
|
Batting: SHB Pepe Piña
|
0-0: Called Strike 0-1: Ball 1-1: Foul Ball, location: 2F 1-2: Ball 2-2: Ball 3-2: Fly out, F7 (Flyball, 7M)
|
Pitching: RHP Ramón Sánchez
|
|
Batting: RHB Diego Francisco
|
0-0: Ball 1-0: Ball 2-0: Called Strike 2-1: Swinging Strike 2-2: Foul Ball, location: 2F 2-2: Foul Ball, location: 2F 2-2: Foul Ball, location: 2F 2-2: Ball 3-2: Base on Balls
|
Batting: LHB José Torres
|
0-0: Ball 1-0: Ball 2-0: Foul Ball, location: 2F 2-1: Ball 3-1: Called Strike 3-2: Base on Balls Diego Francisco to second
|
Batting: LHB Zhi-huan Loong
|
0-0: Foul Ball, location: 2F 0-1: Reached on error, E5 (Groundball, 5S) Diego Francisco scores José Torres to third
|
Batting: RHB Geoffrey Joyner
|
0-0: Foul Ball, location: 2F 0-1: Ball 1-1: Called Strike 1-2: Ground out 4-3 (Groundball, 4)
|
Batting: RHB Salvador Vega
|
0-0: Ball 1-0: Swinging Strike 1-1: Ground out 6-3 (Groundball, 6M)
|
Bottom of the 6th over - 1 run(s), 0 hit(s), 1 error(s), 2 left on base; Springfield 1 - Kingston 3 |
TOP OF THE 7TH |
Springfield Simpsons batting - Pitching for Kingston Iguanas : RHP Leonardo Lorenzo
|
Batting: SHB Jorge García
|
0-0: Swinging Strike 0-1: Called Strike 0-2: Ball 1-2: Ball Error on foul ball, E5 2-2: SINGLE (Line Drive, 89S)
|
Pitching: RHP Jesús Gonzáles
|
|
Batting: SHB José Cruz
|
0-0: Ball 1-0: DOUBLE (Line Drive, 7LS) Jorge García to third
|
Batting: RHB Kawanari Hara
|
0-0: Fly out, F8 (Flyball, 8RXD) Runner from 3rd tags up, SCORES, no throw
|
Batting: SHB Edgardo Osorio
|
0-0: Ball 1-0: Foul Ball, location: 2F 1-1: Foul Ball, location: 2F 1-2: Strikes out swinging
|
Batting: RHB Manny Ramírez
|
0-0: Foul Ball, location: 2F 0-1: Ball 1-1: Foul Ball, location: 2F 1-2: Strikes out swinging
|
Top of the 7th over - 1 run(s), 2 hit(s), 1 error(s), 1 left on base; Springfield 2 - Kingston 3 |
BOTTOM OF THE 7TH |
Kingston Iguanas batting - Pitching for Springfield Simpsons : RHP Ramón Sánchez
|
Batting: RHB Jeff Garman
|
0-0: Ball 1-0: Swinging Strike 1-1: Ground out U3 (Groundball, 3)
|
Batting: LHB Bob Greene
|
0-0: Called Strike 0-1: Ball 1-1: Ball 2-1: Ball 3-1: Base on Balls
|
Batting: RHB William Duncan
|
0-0: Called Strike 0-1: SINGLE (Flyball, 7S) Bob Greene to second
|
Batting: SHB Pepe Piña
|
0-0: DOUBLE (Groundball, 3D) Bob Greene scores William Duncan to third
|
Batting: RHB Diego Francisco
|
0-0: Called Strike 0-1: Swinging Strike 0-2: Strikes out swinging
|
Batting: LHB José Torres
|
0-0: Ball 1-0: SINGLE (Groundball, 4M) William Duncan scores Pepe Piña to third Runner from 3rd tries for Home, SAFE, no throw or cutoff
|
Pitching: RHP Cristián Torres
|
|
Batting: LHB Zhi-huan Loong
|
0-0: 2-RUN HOME RUN (Flyball, 9D), Distance : 381 ft
|
Batting: RHB Geoffrey Joyner
|
0-0: Swinging Strike 0-1: SINGLE (Groundball, 6MD)
|
Batting: RHB Salvador Vega
|
0-0: Ball Geoffrey Joyner is caught stealing 2nd base
|
Bottom of the 7th over - 5 run(s), 5 hit(s), 0 error(s), 0 left on base; Springfield 2 - Kingston 8 |
TOP OF THE 8TH |
Springfield Simpsons batting - Pitching for Kingston Iguanas : RHP Jesús Gonzáles
|
Batting: RHB Ángel Garza
|
0-0: Swinging Strike 0-1: Ball 1-1: Ball 2-1: Foul Ball, location: 2F 2-2: SINGLE (Groundball, 6MS)
|
Batting: RHB Brant Sherman
|
0-0: Called Strike 0-1: SINGLE (Line Drive, 56D) Ángel Garza to second
|
Batting: RHB Esteban Salas
|
0-0: Foul Ball, location: 2F 0-1: Ball 1-1: Foul Ball, location: 2F 1-2: Foul Ball, location: 2F 1-2: Ball 2-2: Foul Ball, location: 2F 2-2: SINGLE (Groundball, 34D) Ángel Garza to third Brant Sherman to second
|
Batting: SHB Bob Noble
|
0-0: Ball 1-0: Reached on error, E3 (Groundball, 34) Ángel Garza scores Brant Sherman to third Esteban Salas to second
|
Batting: SHB Jorge García
|
0-0: Called Strike 0-1: Swinging Strike 0-2: Ball 1-2: Strikes out swinging
|
Batting: SHB José Cruz
|
0-0: Ball 1-0: Called Strike 1-1: Ball 2-1: Ball 3-1: Base on Balls Brant Sherman scores Esteban Salas to third Bob Noble to second
|
Pitching: RHP Bartolo Hernández
|
|
Batting: RHB Kawanari Hara
|
0-0: Called Strike 0-1: Ball 1-1: Ball 2-1: Foul Ball, location: 2F 2-2: Ball 3-2: Grounds into double play, 5-4-3 (Groundball, 56)
|
Top of the 8th over - 2 run(s), 3 hit(s), 1 error(s), 2 left on base; Springfield 4 - Kingston 8 |
BOTTOM OF THE 8TH |
Kingston Iguanas batting - Pitching for Springfield Simpsons : RHP Cristián Torres
|
Batting: RHB Salvador Vega
|
0-0: Ball 1-0: Ball 2-0: Foul Ball, location: 2F 2-1: Ball 3-1: Base on Balls
|
Batting: RHB Jeff Garman
|
0-0: Called Strike Salvador Vega steals 2nd base 0-1: Ground out 6-3 (Groundball, 6) Salvador Vega to third
|
Batting: LHB Bob Greene
|
0-0: Ball 1-0: SINGLE (Line Drive, 9S) Salvador Vega scores
|
Batting: RHB William Duncan
|
0-0: Swinging Strike 0-1: Ball 1-1: Ball 2-1: Ball 3-1: Foul Ball, location: 2F 3-2: Base on Balls Bob Greene to second
|
Batting: SHB Pepe Piña
|
0-0: Ball 1-0: Swinging Strike 1-1: Ball 2-1: Foul Ball, location: 2F 2-2: Fly out, F9 (Flyball, 9M)
|
Batting: RHB Diego Francisco
|
0-0: Called Strike 0-1: Swinging Strike 0-2: Strikes out swinging
|
Bottom of the 8th over - 1 run(s), 1 hit(s), 0 error(s), 2 left on base; Springfield 4 - Kingston 9 |
TOP OF THE 9TH |
Springfield Simpsons batting - Pitching for Kingston Iguanas : RHP Bartolo Hernández
|
Pitching: RHP José Peña
|
|
Now at SS: Juan Romero
|
|
Now in LF: Billy Anderson
|
|
Now in RF: Steve Davis
|
|
Batting: SHB Edgardo Osorio
|
0-0: Ball 1-0: Fly out, F8 (Flyball, 78D)
|
Batting: RHB Manny Ramírez
|
0-0: Swinging Strike 0-1: Called Strike 0-2: Foul Ball, location: 2F 0-2: Fly out, F7 (Line Drive, 7M)
|
Batting: RHB Ángel Garza
|
0-0: Called Strike 0-1: Called Strike 0-2: Foul Ball, location: 2F 0-2: Strikes out swinging
|
Top of the 9th over - 0 run(s), 0 hit(s), 0 error(s), 0 left on base; Springfield 4 - Kingston 9 |
|